 Dungeon Crawl Stone Soup version 0.29.1-2-gbd0b4ee654 (webtiles) character file.

Game seed: 7513977910643596160

69 soonk12 the Chopper (level 4, -4/44 HPs)
             Began as a Troll Berserker on Nov 17, 2022.
             Was a Follower of Trog.
             Slain by a gnoll
             ... wielding a +0 halberd
              (14 damage)
             ... on level 2 of the Dungeon.
             The game lasted 00:06:07 (1173 turns).

soonk12 the Chopper (Troll Berserker)               Turns: 1173, Time: 00:06:08

Health: -4/44      AC:  4    Str: 27    XL:     4   Next: 2%
Magic:  3/3        EV:  8    Int:  3    God:    Trog [*.....]
Gold:   64         SH:  5    Dex:  9    Spells: 3/3 levels left

rFire   . . .      SeeInvis .   a - +0 hand axe
rCold   . . .      Faith    .   j - +0 kite shield
rNeg    . . .      Spirit   .   b - +0 animal skin
rPois   .          Reflect  .   (helmet restricted)
rElec   .          Harm     .   (no cloak)
rCorr   .          Rampage  .   (gloves unavailable)
Will    .....                   (boots unavailable)
Stlth   +.........              (no amulet)
HPRegen 0.94/turn               (no ring)
MPRegen 0.08/turn               (no ring)

@: no status effects
A: large, unfitting armour, claws 3, regeneration 1, shaggy fur 1, tough skin 1
a: Renounce Religion, Berserk


You were on level 2 of the Dungeon.
You worshipped Trog.
Trog was aware of your devotion.
You visited 1 branch of the dungeon, and saw 2 of its levels.

You collected 64 gold pieces.

Inventory:

Hand Weapons
 a - a +0 hand axe (weapon)
Missiles
 c - 11 stones (quivered)
Armour
 b - a +0 animal skin (worn)
 j - a +0 kite shield (worn)
 l - a +0 chain mail
Jewellery
 h - an amulet of faith
Scrolls
 e - 3 scrolls of teleportation {unknown}
 g - a scroll of enchant weapon {unknown}
 k - a scroll of identify {unknown}
Potions
 d - 3 potions of curing {unknown}
 f - a potion of mutation {unknown}
 i - a potion of flight {unknown}


   Skills:
 - Level 2.4 Fighting
 + Level 4.1 Axes
 - Level 2.4 Dodging


You had 3 spell levels left.
You didn't know any spells.
Your spell library was empty.

Dungeon Overview and Level Annotations

Branches:
Dungeon (2/15)

Altars:


Innate Abilities, Weirdness & Mutations

You are too large for most types of armour.
You have claws for hands.
Your natural rate of healing is unusually fast.
You are covered in fur. (AC +1)
You have tough skin. (AC +1)


Message History

You feel yourself speed up.
You start waiting.
You recover from your berserk rage.
You see here an adder corpse.
You now have 64 gold pieces (gained 13).
k - a scroll labelled BULIAR ZUUDEX You see here a +0 chain mail.
l - a +0 chain mail This armour is too small for you! 2 gnolls come into view.
The gnoll shouts!
You hear a shout! x2; You hear an angry hiss.
The gnoll moves out of view. 2 gnolls come into view.
The gnoll shouts!
The gnoll moves out of view.
You slash the gnoll!
The gnoll is severely wounded.
You block the gnoll's attack.
A goblin comes into view. It is wielding a +0 dagger.
You closely miss the gnoll.
The gnoll is severely wounded.
The gnoll hits you from afar with a +0 halberd!
The gnoll hits you with a +0 whip. You block the gnoll's attack.
You slash the gnoll!
You kill the gnoll!
Trog accepts your kill.
Your Axes skill increases to level 4!
You have reached level 4!
You hit the gnoll.
The gnoll is moderately wounded.
The gnoll hits you with a +0 halberd. The gnoll hits you with a +0 flail.
Things that are here:
a +0 whip; a gnoll corpse You hit the gnoll.
The gnoll is moderately wounded.
You hit the gnoll. The gnoll hits you with a +0 halberd!
The gnoll completely misses you. The gnoll hits you with a +0 flail!
* * * LOW HITPOINT WARNING * * *
The gnoll hits you with a +0 halberd!
You die...

##### #...# #...# ...
######## .g. .......# #g#
#...... #g# #....#
#######@###....# #..####
#...........g##....# #.....
#............##....#########
#.................[........†
#...........................
#...........................
#...........................
#............#.............#
#.............###########..#


You could see 3 gnolls and a goblin.

Vanquished Creatures
  A gnoll (D:2)
  4 adders (D:2)
  A dart slug (D:2)
  A bat (D:1)
  2 endoplasms (D:2)
  A giant cockroach (D:2)
  2 hobgoblins (D:2)
  A kobold (D:1)
  A quokka (D:1)
  3 ball pythons
  2 frilled lizards
  2 rats (D:2)
21 creatures vanquished.

Notes
Turn   | Place    | Note
-------+----------+-------------------------------------------
     0 | D:1      | soonk12 the Troll Berserker began the quest for the Orb.
     0 | D:1      | Reached XP level 1. HP: 22/22 MP: 0/0
    65 | D:1      | Found a faded altar of an unknown god.
   701 | D:2      | Reached XP level 2. HP: 29/29 MP: 1/1
   718 | D:2      | Reached skill level 3 in Axes
   940 | D:2      | Reached XP level 3. HP: 26/36 MP: 2/2
  1171 | D:2      | Reached skill level 4 in Axes
  1171 | D:2      | Reached XP level 4. HP: 31/44 MP: 3/3
  1173 | D:2      | Slain by a gnoll

Illustrated notes

Levels and vault maps discovered:
D:1:      spicycebolla_arrival_clurvy, layout_loops_cross,
          hellmonk_ecumenical_altar_arch_garden
D:2:      layout_basic, serial_curves, eino_curves_03, eino_curves_03,
          eino_curves_02, eino_curves_04, lightli_corner_chamber

Skill      XL: |  1  2  3 |
---------------+----------+-----
Axes           | 3 4 |  4.1
Fighting       | |  2.4
Dodging        | |  2.4

Action                   |  1- 3 |  4- 6 || total
-------------------------+-------+-------++-------
Melee: Hand axe          |    75 |     2 ||    77
Invok: Berserk           |     2 |       ||     2
Armor: Animal skin       |    25 |       ||    25
Dodge: Dodged            |    33 |     1 ||    34
Block: Kite shield       |     5 |       ||     5
